 Dungeon Crawl Stone Soup version 0.22-a0-570-g58866f5 (webtiles) character file.

168 kae the Insei (level 5, 0/38 HPs)
             Began as a Demonspawn Transmuter on June 30, 2018.
             Succumbed to an adder's poison
             ... on level 3 of the Dungeon.
             The game lasted 00:02:43 (2173 turns).

kae the Insei (Demonspawn Transmuter)               Turns: 2173, Time: 00:02:43

Health: 0/38       AC:  3    Str: 11    XL:     5   Next: 24%
Magic:  8/9        EV: 12    Int: 14    God:
Gold:   115        SH:  0    Dex: 14    Spells: 3/9 levels left

rFire    . . .     SeeInvis .     - Unarmed
rCold    . . .     Gourm    .   (no shield)
rNeg     . . .     Faith    .   l - +0 leather armour
rPois    .         Spirit   .   (no helmet)
rElec    .         Reflect  .   (no cloak)
rCorr    .         Harm     .   (no gloves)
MR       .....                  (no boots)
Stlth    +.........             (no amulet)
HPRegen  0.12/turn              (no ring)
MPRegen  0.11/turn              (no ring)

@: lethally poisoned (0 -> -10)
A: claws 1, talons 1, powered by death 1
a: no special abilities


You were on level 3 of the Dungeon.
You were not hungry.

You visited 1 branch of the dungeon, and saw 3 of its levels.

You collected 115 gold pieces.

Inventory:

Missiles
 a - 10 arrows
Armour
 b - a +0 robe
 l - a +0 leather armour (worn)
Jewellery
 g - a cursed amulet of inaccuracy
 o - a cursed ring of teleportation {unknown}
Scrolls
 f - 2 scrolls of fog
 k - 2 scrolls of identify
 q - a scroll of remove curse
Potions
 c - a potion of magic {unknown}
 e - a potion of might
 h - 2 potions of cancellation {unknown}
 i - 5 potions of curing {unknown}
 j - a potion of degeneration {unknown}
 m - a potion of heal wounds {unknown}
Comestibles
 d - 6 rations
 n - 7 chunks of flesh


   Skills:
 + Level 2.2 Fighting
 - Level 1.7 Dodging
 * Level 3.8 Unarmed Combat
 + Level 2.7 Spellcasting
 * Level 3.1 Transmutations


You had 3 spell levels left.
You knew the following spells:

 Your Spells              Type           Power        Failure   Level  Hunger
a - Beastly Appendage     Tmut           ##....       8%          1    #......
b - Sticks to Snakes      Tmut           ##......     12%         2    ###....
c - Spider Form           Tmut/Pois      #.........   41%         3    ###....

Your spell library contained the following spells:

 Spells                   Type           Power        Failure   Level  Hunger
 Apportation              Tloc           #.....       28%         1    #......
 Summon Small Mammal      Summ           #...         28%         1    #......
 Animate Skeleton         Necr           N/A          28%         1    #......
 Blade Hands              Tmut           ##........   91%         5    ######.
 Ice Form                 Ice/Tmut       #.......     83%         4    #####..
 Confusing Touch          Hex            #.....       28%         1    #......


Dungeon Overview and Level Annotations

Branches:
Dungeon (3/15)

Altars:


Innate Abilities, Weirdness & Mutations

You have sharp fingernails.
You have sharp toenails.
You regenerate a little health from kills.


Message History

Your +0 leather armour unmelds from your body.
* * * LOW HITPOINT WARNING * * *
You feel sick.
You see here a chunk of flesh.
There is a lethal amount of poison in your body!
* * * LOW HITPOINT WARNING * * *
You feel sick.
Things that are here:
a hand axe; a leather armour
There is a lethal amount of poison in your body!
* * * LOW HITPOINT WARNING * * *
You feel sick.
You see here a chunk of flesh.
n - 7 chunks of flesh (gained 1)
* * * LOW HITPOINT WARNING * * *
You feel sick.
There are no items here.
There are no items here.
There is a lethal amount of poison in your body!
You die...

#. .. #. ... #.
....
#####.#####....
#............#
#............#
#.(........#
#....#
##.@#.....#
#..<#..#.#..
#.#).>...#
#..#....... ##.
##...... ..
.#.... ...
.#.... ... .
#...


There were no monsters in sight!

Vanquished Creatures
  An orc priest (D:3)
  An orc wizard (D:2)
  4 adders
  2 worms
  3 leopard geckos
  6 orcs
  6 bats
  3 giant cockroaches
  7 goblins
  A hobgoblin (D:2)
  8 jackals
  5 kobolds
  2 frilled lizards (D:1)
  7 rats
56 creatures vanquished.

Vanquished Creatures (collateral kills)
  2 orcs (D:2)
  A goblin (D:2)
  A ball python (D:2)
4 creatures vanquished.

Grand Total: 60 creatures vanquished

Notes
Turn   | Place    | Note
-------+----------+-------------------------------------------
     0 | D:1      | kae the Demonspawn Transmuter began the quest for the Orb.
     0 | D:1      | Reached XP level 1. HP: 15/15 MP: 3/3
   111 | D:1      | Gained mutation: You regenerate a little health from kills. [demonic ancestry]
   111 | D:1      | Reached XP level 2. HP: 9/21 MP: 3/5
   914 | D:2      | Gained mutation: You have sharp toenails. [demonic ancestry]
   914 | D:2      | Reached XP level 3. HP: 26/26 MP: 6/6
  1012 | D:2      | Learned a level 2 spell: Sticks to Snakes
  1028 | D:2      | Learned a level 3 spell: Spider Form
  1109 | D:2      | Gained mutation: You have sharp fingernails. [demonic ancestry]
  1109 | D:2      | Reached XP level 4. HP: 25/33 MP: 5/7
  2124 | D:3      | Reached XP level 5. HP: 29/38 MP: 6/9
  2172 | D:3      | HP: 1/38 [poisoned by an adder]
  2173 | D:3      | Succumbed to an adder's poison

Vault maps used:
D:1:      nzn_arrival_crosshair, minmay_statues_item
D:2:      first_ration, bh_walls_and_bars

Skill      XL: |  1  2  3  4 |
---------------+-------------+-----
Transmutations | 2 3 |  3.1
Unarmed Combat | 3 |  3.8
Fighting       | 2 |  2.2
Dodging        | |  1.7
Spellcasting   | |  2.7

Action                   |  1- 3 |  4- 6 || total
-------------------------+-------+-------++-------
Melee: Unarmed           |   129 |    99 ||   228
       Kick              |    10 |    19 ||    29
       Headbutt          |     2 |     2 ||     4
       Punch             |     1 |       ||     1
 Cast: Beastly Appendage |    11 |     3 ||    14
       Sticks to Snakes  |     2 |       ||     2
       Spider Form       |       |     4 ||     4
  Use: Scroll            |     4 |     2 ||     6
 Stab: Sleeping          |     1 |     1 ||     2
  Eat: Chunk             |     1 |     5 ||     6
Armor: Robe              |    25 |       ||    25
       Leather armour    |    20 |    16 ||    36
       Skin              |       |     1 ||     1
Dodge: Dodged            |   109 |   103 ||   212

Table legend:
 A = Spawn XP
 B = Non-spawn XP
 C = Spawn XP percentage of total XP
 D = Spawn monster count
 E = Non-spawn monster count
 F = Spawn count percentage of total count
 G = Total turns spent on level
                    A         B        C        D         E        F      G
               +---------+---------+-------+---------+---------+-------+---------
         Total |       0 |     241 |   0.0 |       0 |      60 |   0.0 |  2173
               +---------+---------+-------+---------+---------+-------+---------
           D:1 |       0 |      38 |   0.0 |       0 |      23 |   0.0 |   861
           D:2 |       0 |     135 |   0.0 |       0 |      31 |   0.0 |  1228
           D:3 |       0 |      68 |   0.0 |       0 |       6 |   0.0 |    84
               +---------+---------+-------+---------+---------+-------+---------
